AoeStats
← *#Renovation#*

Arena

509007115Analyzed
2v2 RM · 8d ago on Sep 25, 2026· 25m 3s· 4 players
Game mode
Random Map
Map size
Medium (4 player)
Population
200
Speed
Normal
Resources
Standard
Victory
Conquest
Starting age
Dark Age
Ending age
Imperial Age
RankedLock teamsTeams togetherTeam positionsShared explorationLock speedFull tech treeHidden civsTurbo modeCheats
Victory
Defeat
🇺🇾 Armenians · Uruguay
1126
+10
🇨🇱 Cumans · Chile
954
+17
🇫🇮 Chinese · Finland
997
-14
🇨🇱 Mongols · Chile
973
-13
*#Renovation#*
2:48 Loom
3:43 Loom
10:08 Feudal Age
10:57 Double-Bit Axe
15:24 Bloodlines
20:57 Castle Age
20:10 Man-at-Arms
22:06 Fletching
22:20 Padded Archer Armor
24:06 Wheelbarrow
23:23 Town Watch
Jukka225865
0:36 Loom
10:46 Feudal Age
15:06 Castle Age
13:24 Double-Bit Axe
13:45 Stone Mining
14:10 Horse Collar
14:43 Gold Mining
SerrisKb
9:38 Feudal Age
10:38 Double-Bit Axe
10:45 Man-at-Arms
12:09 Horse Collar
13:11 Long Swordsman
15:09 Scale Mail Armor
15:52 Arson
16:52 Forging
19:35 Wheelbarrow
23:50 Castle Age
22:43 Gold Mining
22:58 Loom
24:01 Two-Handed Swordsman
24:43 Squires
25:01 Chain Mail Armor
25:22 Iron Casting
jorge7289
7:43 Loom
10:02 Feudal Age
10:45 Double-Bit Axe
15:07 Horse Collar
16:57 Gold Mining
23:51 Castle Age
23:14 Stone Mining
23:47 Fletching
23:58 Padded Archer Armor
24:15 Capped Ram
24:40 Elite Skirmisher
Connection lost

Rejoining the realm…

Still unreachable

The connection could not be restored.

Session expired

The server has moved on; the page needs a fresh start.